 Dungeon Crawl Stone Soup version 0.26.1-11-gd32895ea62 (webtiles) character file.

Game seed: 9939460128931995973

234 buriedalive the Chiller (level 5, 0/42 HPs)
             Began as a Deep Elf Ice Elementalist on June 16, 2021.
             Slain by a hound (2 damage)
             ... on level 3 of the Dungeon.
             The game lasted 00:03:56 (3397 turns).

buriedalive the Chiller (Deep Elf Ice Elementalist) Turns: 3397, Time: 00:03:57

Health: 0/42       AC:  3    Str:  5    XL:     5   Next: 75%
Magic:  9/11       EV: 15    Int: 21    God:
Gold:   78         SH:  0    Dex: 15    Spells: 9/10 levels left

rFire    . . .     SeeInvis .   c - +3 dagger (holy)
rCold    + . .     Faith    .   (no shield)
rNeg     . . .     Spirit   .   p - +1 robe {rC+}
rPois    .         Reflect  .   (no helmet)
rElec    .         Harm     .   (no cloak)
rCorr    .         Rampage  .   (no gloves)
Will     .....                  (no boots)
Stlth    ..........             (no amulet)
HPRegen  0.14/turn              (no ring)
MPRegen  0.12/turn              (no ring)

@: berserking, attractive, very quick
A: no striking features
a: no special abilities


You were on level 3 of the Dungeon.
You visited 1 branch of the dungeon, and saw 3 of its levels.

You collected 78 gold pieces.

Inventory:

Hand Weapons
 b - a +0 dagger
 c - a +3 dagger of holy wrath (weapon)
Armour
 a - a +0 robe
 p - a +1 robe of cold resistance (worn)
Jewellery
 n - an uncursed amulet of regeneration {unknown}
 q - an uncursed ring of ice {unknown}
Scrolls
 d - a scroll of amnesia
 e - a scroll of fear {unknown}
 f - a scroll of immolation {unknown}
 g - a scroll of identify {unknown}
 h - a scroll of remove curse
Potions
 i - a potion of curing {unknown}
 j - 4 potions of attraction
 k - a potion of lignification {unknown}
 l - a potion of berserk rage
 m - 2 potions of magic {unknown}
 o - a potion of flight {unknown}
 r - a potion of mutation {unknown}


   Skills:
 + Level 5.4 Dodging
 - Level 2.4 Stealth
 - Level 3.0 Spellcasting
 + Level 6.3 Ice Magic


You had 9 spell levels left.
You knew the following spells:

 Your Spells              Type           Power        Failure   Level
a - Freeze                Ice            100%         1%          1

Your spell library contained the following spells:

 Spells                   Type           Power        Failure   Level
 Frozen Ramparts          Ice            58%          3%          3
 Ozocubu's Armour         Ice            29%          3%          3
 Hailstorm                Conj/Ice       16%          36%         4
 Summon Ice Beast         Ice/Summ       16%          36%         4


Dungeon Overview and Level Annotations

Branches:
Dungeon (3/15)

Altars:
Okawaru
Qazlal
Sif Muna


Message History

The hound is moderately wounded.
The hound bites you.
The gnoll hits you from afar with a cursed -1 spear.
The hound closely misses you. The hound bites you but does no damage.
There is an open door here.
You hit the bush but do no damage. The hound misses you.
The gnoll hits you from afar with a cursed -1 spear!
* * * LOW HITPOINT WARNING * * *
The hound bites you.
* * * LOW HITPOINT WARNING * * *
It was a potion of attraction.
You feel attractive to monsters. The hound barely misses you.
The gnoll hits you from afar with a cursed -1 spear.
* * * LOW HITPOINT WARNING * * *
It was a potion of berserk rage.
A red film seems to cover your vision as you go berserk!
You feel yourself moving faster!
You feel mighty! The hound misses you. The hound bites you.
You die...

.....+ +.......# ...###
###.....# .### #.....#
## ######..# +...##..#
#+# #...##..# #.#
+g..#...#
#.#####h####.##
##########.##..P@P..#.#
.........[..........#.#
.#.####......#.#.####.#
.#.####.....).........#
............##.########
.#.####..#.###.#
.#.......#.# #.#
†.......##.###.#
#######.)......#


You could see a hound and a gnoll.

Vanquished Creatures
  A hound (D:3)
  A jelly (D:3)
  Jessica (D:2)
  Natasha (D:2)
  3 gnolls (D:3)
  3 adders
  An ooze (D:2)
  2 dart slugs
  A leopard gecko (D:1)
  An orc (D:3)
  3 giant cockroaches
  9 hobgoblins
  3 jackals (D:2)
  2 quokkas
  5 bats
  3 frilled lizards
  7 goblins
  6 kobolds
  8 rats
61 creatures vanquished.

Notes
Turn   | Place    | Note
-------+----------+-------------------------------------------
     0 | D:1      | buriedalive the Deep Elf Ice Elementalist began the quest
                  | for the Orb.
     0 | D:1      | Reached XP level 1. HP: 10/10 MP: 6/6
   208 | D:1      | Reached XP level 2. HP: 12/15 MP: 6/8
   991 | D:2      | Reached skill level 5 in Ice Magic
   991 | D:2      | Reached XP level 3. HP: 15/19 MP: 6/9
  1132 | D:2      | Found a stormy altar of Qazlal.
  1133 | D:2      | Noticed an earth elemental
  1134 | D:2      | Noticed a water elemental
  1135 | D:2      | Noticed a fire elemental
  1135 | D:2      | Noticed an air elemental
  1425 | D:2      | Found a shimmering blue altar of Sif Muna.
  1661 | D:2      | Noticed Jessica
  1668 | D:2      | Killed Jessica
  1669 | D:2      | Reached XP level 4. HP: 24/24 MP: 6/10
  2276 | D:2      | Noticed Natasha
  2284 | D:2      | Killed Natasha
  2797 | D:3      | Reached XP level 5. HP: 28/28 MP: 11/11
  2856 | D:3      | Found an iron altar of Okawaru.
  2937 | D:3      | Reached skill level 5 in Dodging
  2937 | D:3      | Reached skill level 6 in Ice Magic
  3396 | D:3      | HP: 1/28 [gnoll/cursed -1 spear (6)]
  3397 | D:3      | Slain by a hound

Illustrated notes

Levels and vault maps discovered:
D:1:      psy_arrival_terrarium, layout_basic, minmay_strange_pillars
D:2:      layout_basic, lemuel_doored_altar, nicolae_qazlal_style_of_elements,
          uniq_natasha, uniq_jessica
D:3:      layout_loops_corners, general_overflow_altar, cheibrodos_gnoll_hut

Skill      XL: |  1  2  3  4  5 |
---------------+----------------+-----
Dodging        | 3 4 5 |  5.4
Ice Magic      | 5 6 |  6.3
Stealth        | |  2.4
Spellcasting   | |  3.0

Action                   |  1- 3 |  4- 6 || total
-------------------------+-------+-------++-------
Melee: Dagger            |    31 |    27 ||    58
       Unarmed           |     1 |       ||     1
 Cast: Freeze            |    34 |    34 ||    68
  Use: Scroll            |     6 |       ||     6
       Potion            |       |     2 ||     2
 Stab: Sleeping          |     4 |     8 ||    12
Armor: Robe              |     6 |     4 ||    10
Dodge: Dodged            |    30 |    33 ||    63
